 Dungeon Crawl Stone Soup version 0.30-a0-23-ge60ba3568b (webtiles) character file.

Game seed: 11091685210762334752

23 purpskrrrp the Trooper (level 3, 0/23 HPs)
             Began as a Gargoyle Fighter on Aug 24, 2022.
             Frozen to death by an endoplasm (4 damage)
             ... on level 2 of the Dungeon.
             The game lasted 00:02:02 (1133 turns).

purpskrrrp the Trooper (Gargoyle Fighter)           Turns: 1133, Time: 00:02:04

Health: 0/23       AC: 10    Str: 21    XL:     3   Next: 0%
Magic:  3/3        EV:  9    Int:  8    God:
Gold:   49         SH:  4    Dex:  9    Spells: 2/2 levels left

rFire   . . .      SeeInvis .    a - +0 flail
rCold   . . .      Faith    .    c - +0 buckler
rNeg    + . .      Spirit   .    b - +0 scale mail
rPois   ∞          Reflect  .    (no helmet)
rElec   +          Harm     .    (no cloak)
rCorr   .          Rampage  .    (no gloves)
Will    .....                    (no boots)
Stlth   ..........               (no amulet)
HPRegen 0.07/turn                (no ring)
MPRegen 0.08/turn                (no ring)

@: no status effects
A: sickness immunity, AC +3, negative energy resistance 1, electricity
resistance, torment resistance 1, petrification resistance
a: no special abilities


You were on level 2 of the Dungeon.
You visited 1 branch of the dungeon, and saw 2 of its levels.

You collected 49 gold pieces.

Inventory:

Hand Weapons
 a - a +0 flail (weapon)
Missiles
 g - 6 curare-tipped darts (quivered)
Armour
 b - a +0 scale mail (worn)
 c - a +0 buckler (worn)
Jewellery
 j - the ring of Propriety {Fire *Corrode Int+3}
   (You found it on level 2 of the Dungeon)

   [ring of fire]

   It enhances your fire magic.
   Int:       It affects your intelligence (+3).
   rF:        It protects you from fire.
   rC:        It makes you vulnerable to cold.
   *Corrode:  It may corrode you when you take damage.
Scrolls
 e - a scroll of identify {unknown}
 h - a scroll of teleportation {unknown}
Potions
 d - a potion of might
 f - 3 potions of curing {unknown}
 i - a potion of ambrosia {unknown}


   Skills:
 + Level 3.6 Fighting
 + Level 2.3 Maces & Flails
 + Level 3.6 Armour
 + Level 3.6 Shields


You had 2 spell levels left.
You didn't know any spells.
Your spell library was empty.

Dungeon Overview and Level Annotations

Branches:
Dungeon (2/15)

Altars:


Innate Abilities, Weirdness & Mutations

You are immune to sickness and miasma.
Your stone body is resilient. (AC +3)
You are immune to poison.
You resist negative energy. (rN+)
You are resistant to electric shocks. (rElec)
You are resistant to unholy torment.
You are immune to petrification.


Message History

Press: ? - help, Dir - move target, f - quokka
Aim: a quokka (moderately wounded, about 62% to evade your +0 flail)
You sock the quokka!
You kill the quokka!
The endoplasm hits you but does no damage.
You have reached level 3!
Your experience leads to an increase in your attributes!
Increase (S)trength, (I)ntelligence, or (D)exterity?
You feel stronger. x2
Hit: a) +0 flail
Press: ? - help, Dir - move target, f - endoplasm
Aim: an endoplasm (about 17% to evade your +0 flail)
You hit the endoplasm.
The endoplasm is lightly wounded.
The endoplasm barely misses you.
Hit: a) +0 flail
Press: ? - help, Dir - move target, f/p - endoplasm
Aim: an endoplasm (lightly wounded, about 17% to evade your +0 flail)
You barely miss the endoplasm.
The endoplasm is lightly wounded.
The endoplasm freezes you.
You are frozen.
* * * LOW HITPOINT WARNING * * *
The endoplasm hits you but does no damage.
Hit: a) +0 flail
Press: ? - help, Dir - move target, f/p - endoplasm
Aim: an endoplasm (about 17% to evade your +0 flail)
You hit the endoplasm.
The endoplasm is lightly wounded.
The endoplasm freezes you.
You are frozen.
* * * LOW HITPOINT WARNING * * *
Hit: a) +0 flail
Press: ? - help, Dir - move target, f/p - endoplasm
Aim: an endoplasm (lightly wounded, about 17% to evade your +0 flail)
You barely miss the endoplasm.
The endoplasm is lightly wounded.
The endoplasm freezes you.
You are frozen.
You die...

..# ..# ..# # ## #.# #.
.. #.# #!# .## #.###
#... .. #.##.. .<# .#
#.##.# ## #.#.###..#
#.##.# #?###@......#
#>##.#
######.#.#J###.##
#.##.###..............#
#.##.......###.##.#####
#.##..##...# #.# ...
#†##..###### #.# ####
......# #.# #.##.## #.#
#.##... ..#


You could see an endoplasm.

Vanquished Creatures
  2 ball pythons (D:1)
  An endoplasm (D:1)
  2 giant cockroaches (D:1)
  3 goblins (D:1)
  A hobgoblin (D:1)
  4 jackals (D:1)
  2 quokkas
  A bat (D:2)
  2 frilled lizards
  2 rats
20 creatures vanquished.

Notes
Turn   | Place    | Note
-------+----------+-------------------------------------------
     0 | D:1      | purpskrrrp the Gargoyle Fighter began the quest for the
                  | Orb.
     0 | D:1      | Reached XP level 1. HP: 14/14 MP: 1/1
   229 | D:1      | Reached XP level 2. HP: 12/19 MP: 2/2
   852 | D:1      | Found a faded altar of an unknown god.
  1055 | D:2      | Identified the ring of Propriety {Fire *Corrode Int+3}
  1130 | D:2      | Reached XP level 3. HP: 10/23 MP: 3/3
  1133 | D:2      | Frozen to death by an endoplasm

Illustrated notes

Levels and vault maps discovered:
D:1:      dpeg_arrival_shelter, layout_loops_ring,
          shapermc_ecumenical_altar_petra, minmay_fountain_box,
          chequers_arboretum
D:2:      minmay_spotlight, layout_loops_ring

Action                   || total
-------------------------++-------
Melee: Flail             ||    66
Armor: Scale mail        ||    49
Dodge: Dodged            ||    41
Block: Buckler           ||    14

Table legend: (Time is in decaauts)
 A = Elapsed time spent in this place.
 B = Non-inter-level travel time spent in this place.
 C = Inter-level travel time spent in this place.
 D = Time resting spent in this place.
 E = Time spent auto-exploring this place.
 F = Levels seen in this place.
 G = Mean time per level.
                   A        B        C        D        E       F      G
               +--------+--------+--------+--------+--------+-----+--------+
         Total |   1153 |   1131 |     22 |      0 |    970 |   2 |  576.5 |
       Dungeon |   1153 |   1131 |     22 |      0 |    970 |   2 |  576.5 |
               +--------+--------+--------+--------+--------+-----+--------+

Top non-repeatable levels by time:
     D:1: 1057 daAuts
     D:2: 96 daAuts
